Map: [ESL] Hecate

Players

MaxPax - Winner!

  • Race: Protoss Protoss
  • Spawn Location: 1:00

Nicoract

  • Race: Terran Terran
  • Spawn Location: 7:00

Event: ESL SC2 Masters 2023 Winter (Regional)

VOD

Have the link to the VOD?

Description

Time

  • Played on: Oct. 27, 2023, 11:17 a.m.
  • Length: 5:10

All games in this series

Show
View Real Time Build Order
Export as new Build Order

MaxPax Protoss - Winner!

Build Orders: 1 Gate Expand, Dark Templar Rush 

Get SALT Encoding   

  12  0:00  Probe  
  13  0:12  Probe  
  14  0:17  Pylon  
  14  0:24  Probe (Chrono Boost)  
  16  0:36  Gateway, Probe (Chrono Boost)  
  16  0:43  Probe (Chrono Boost)  
  16  0:45  Assimilator  
  17  0:51  Probe  
  18  1:03  Probe  
  19  1:15  Probe  
  20  1:23  Cybernetics Core  
  20  1:31  Nexus  
  20  1:34  Probe  
  21  1:40  Pylon  
  21  1:46  Probe  
  22  1:48  Assimilator  
  22  1:56  Adept (Chrono Boost)  
  22  1:58  Probe  
  22  2:00  Warp Gate  
  25  2:10  Probe  
  26  2:16  Adept (Chrono Boost)  
  26  2:22  Probe  
  29  2:26  Twilight Council  
  29  2:35  Probe (Chrono Boost)  
  30  2:45  Probe (Chrono Boost)  
  32  2:52  Probe (Chrono Boost)  
  32  2:55  Probe (Chrono Boost)  
  33  2:59  Probe (Chrono Boost)  
  33  3:00  Probe (Chrono Boost)  
  33  3:02  Robotics Facility  
  35  3:11  Probe  
  35  3:12  Probe  
  37  3:17  Gateway  
  37  3:20  Dark Shrine  
  37  3:24  Probe  
  37  3:27  Probe  
  37  3:31  Gateway  
  37  3:36  Probe  
  37  3:39  Probe  
  39  3:45  Warp Prism (Chrono Boost)  
  39  3:48  Probe  
  39  3:50  Pylon  
  39  3:52  Probe  
  39  3:53  Assimilator  
  43  4:01  Probe  
  44  4:09  Nexus  
  44  4:14  Probe  
  44  4:15  Pylon  
  45  4:17  Probe  
  45  4:19  Pylon  
  46  4:26  Probe  
  46  4:29  Probe  
  48  4:35  Dark Templar x3  
  54  4:39  Probe  
  54  4:41  Probe  
  56  4:51  Probe  
  57  4:52  Shield Battery  
  57  4:53  Probe, Pylon  
Show
View Real Time Build Order
Export as new Build Order

Nicoract Terran 

Build Orders: Reaper Expand 

Get SALT Encoding   

  12  0:00  SCV  
  13  0:12  SCV  
  14  0:17  Supply Depot  
  14  0:24  SCV  
  15  0:39  SCV  
  15  0:40  Barracks  
  16  0:42  Refinery  
  16  0:51  SCV  
  17  1:03  SCV  
  18  1:15  SCV  
  19  1:27  Orbital Command  
  19  1:28  Reaper  
  20  1:42  Command Center  
  20  1:50  Supply Depot  
  20  1:54  SCV  
  20  2:00  Marine  
  22  2:06  SCV  
  23  2:10  Barracks  
  23  2:17  Bunker  
  23  2:20  SCV  
  24  2:23  Barracks Reactor  
  24  2:32  Barracks  
  24  2:38  SCV  
  24  2:43  Engineering Bay  
  24  2:48  Refinery  
  24  2:50  SCV  
  25  3:00  Barracks Tech Lab  
  25  3:01  Marine x2  
  27  3:06  SCV  
  27  3:11  Orbital Command  
  27  3:19  Marine  
  29  3:20  Marine  
  29  3:30  SCV  
  29  3:31  Barracks Tech Lab  
  29  3:37  SCV  
  30  3:42  SCV  
  30  3:45  Supply Depot  
  31  3:49  Marauder, SCV  
  31  3:53  Marine x2  
  36  3:56  Marauder  
  36  3:59  SCV  
  36  4:02  SCV  
  40  4:10  Factory  
  40  4:11  SCV  
  40  4:14  SCV  
  42  4:17  Marauder  
  42  4:23  Marine  
  42  4:24  Marine  
  46  4:26  Marauder  
  46  4:27  Supply Depot  
  46  4:29  SCV  
  46  4:30  SCV  
  50  4:37  Supply Depot  
  50  4:41  SCV, Marauder  
  50  4:42  SCV  
  54  4:48  Marine x2  
  54  4:49  Marauder  
  54  4:50  Missile Turret  
  51  5:06  Missile Turret  
Tags
 
Add a new tag
Caveats
  • Supply blocks, unpowered buildings, or Contaminate may cause inaccurate times.
  • Supply counts are checked every 10 seconds.